 Dungeon Crawl Stone Soup version 0.25.1-8-g42b30a86e7 (webtiles) character file.

Game seed: 8090987840314321578

637 wyoknott the Chopper (level 7, -1/61 HPs)
             Began as a Hill Orc Fighter on Oct 19, 2020.
             Slain by Crazy Yiuf
             ... wielding a +3 quarterstaff of chaos
              (5 damage)
             ... on level 4 of the Dungeon on Dec 9, 2020.
             The game lasted 00:22:02 (4076 turns).

wyoknott the Chopper (Hill Orc Fighter)             Turns: 4076, Time: 00:22:03

Health: -1/61      AC:  6    Str: 21    XL:     7   Next: 50%
Magic:  7/7        EV:  6    Int:  4    God:
Gold:   184        SH: 10    Dex: 12    Spells: 6/6 levels left

rFire    x . .     SeeInvis +   B - -2 whip (curse)
rCold    + . .     Gourm    .   c - +0 kite shield
rNeg     . . .     Faith    .   e - +0 chain mail
rPois    .         Spirit   .   (no helmet)
rElec    .         Reflect  .   (no cloak)
rCorr    +         Harm     .   (no gloves)
MR       .....                  F - -4 pair of boots of Unreason {rCorr Int-4 Dex+2} (curse)
Stlth    ..........             (no amulet)
HPRegen  0.20/turn              x - ring of ice
MPRegen  0.10/turn              r - ring of see invisible

@: studying Charms, lightly drained
A: no striking features
a: no special abilities


You were on level 4 of the Dungeon.
You were not hungry.

You visited 1 branch of the dungeon, and saw 4 of its levels.

You collected 255 gold pieces.
You spent 71 gold pieces at shops.

Inventory:

Hand Weapons
 a - a +1 war axe
 g - a cursed -2 short sword
 u - a +0 scythe
 w - a +0 long sword
 B - a cursed -2 whip (weapon)
 E - the +9 hand axe of Magnificence {flame, rPois Int+3, unknown}
   (You found it on level 4 of the Dungeon)

   It has been specially enchanted to burn those struck by it, causing extra
   injury to most foes and up to half again as much damage against particularly
   susceptible opponents.
   Big, fiery blades are also staple armaments of hydra-hunters.
   It affects your intelligence (+3).
   It protects you from poison.
 G - a -1 triple sword
 H - a -2 executioner's axe
Missiles
 o - 4 boomerangs (quivered)
Armour
 b - a +0 scale mail
 c - a +0 kite shield (worn)
 e - a +0 chain mail (worn)
 h - a +0 pair of boots
 F - the cursed -4 pair of boots of Unreason (worn) {rCorr Int-4 Dex+2}
   (You found it on level 4 of the Dungeon)

   It affects your intelligence (-4).
   It affects your dexterity (+2).
   It provides partial protection from all sources of acid and corrosion.
   It has a curse placed upon it.
Jewellery
 l - an uncursed ring of magical power
 r - a ring of see invisible (right hand)
 x - a ring of ice (left hand)
 y - an uncursed ring of ice
Wands
 s - a wand of digging (4)
Scrolls
 m - a scroll of amnesia
 C - a scroll of teleportation
 D - a scroll of enchant weapon
Potions
 d - a potion of heal wounds
 i - 3 potions of curing
 j - a potion of resistance {unknown}
 n - a potion of degeneration {unknown}
 p - 2 potions of invisibility
 q - 3 potions of flight
 t - a potion of lignification {unknown}
 v - a potion of stabbing {unknown}
 z - a potion of ambrosia {unknown}
Books
 k - a manual of Charms
Comestibles
 f - 6 rations
 A - 2 chunks of flesh


   Skills:
 * Level 5.3(5.1) Fighting
 * Level 6.8(6.6) Axes
 + Level 4.9(4.6) Armour
 + Level 1.3(1.1) Dodging
 + Level 0.9(0.7) Stealth
 + Level 4.8(4.6) Shields


You had 6 spell levels left.
You didn't know any spells.
Your spell library contained the following spells:

 Spells                   Type           Power        Failure   Level  Hunger
 Magic Dart               Conj           #...         100%        1    ##.....
 Blink                    Tloc           N/A          100%        2    ###....
 Call Imp                 Summ           #.......     100%        2    ###....
 Slow                     Hex            #.......     100%        2    ###....
 Conjure Flame            Conj/Fire      #.......     100%        3    ####...
 Mephitic Cloud           Conj/Pois/Air  #.......     100%        3    ####...


Dungeon Overview and Level Annotations

Branches:
Dungeon (4/15)
 Temple: D:4-7

Altars:

Shops:
D:4 *

Annotations:
D:4 Crazy Yiuf


Message History

Crazy Yiuf draws strength from your wounds!
You closely miss Crazy Yiuf.
Crazy Yiuf is lightly wounded.
You block Crazy Yiuf's attack.
You barely miss Crazy Yiuf.
Crazy Yiuf is lightly wounded.
Crazy Yiuf barely misses you.
Your shield and chain mail prevent you from hitting Crazy Yiuf.
Crazy Yiuf is lightly wounded.
Crazy Yiuf hits you with a +3 quarterstaff of chaos!
Your chain mail prevents you from hitting Crazy Yiuf.
Crazy Yiuf is lightly wounded.
Crazy Yiuf hits you with a +3 quarterstaff of chaos!
* * * LOW HITPOINT WARNING * * *
You are electrocuted!
* * * LOW HITPOINT WARNING * * *
You hit Crazy Yiuf.
Crazy Yiuf is lightly wounded.
Crazy Yiuf hits you with a +3 quarterstaff of chaos.
You die...

######### ........#
######## ........# ###
###.#..#.## ........#
#...##..#.PP...## ........#
#...g@####.P....# ...##...#
#)..### ##.#...# ...##...#
### ####..# ...##..## #.##
#..##..### #.#
...##....###### #########.#
##.##.........###.........#
....#.....###...#.........#
...##.....###.............#


You could see Crazy Yiuf.

Vanquished Creatures
  Sigmund (D:3)
  A centaur (D:4)
  A scorpion (D:4)
  2 hounds (D:4)
  Natasha (twice) (D:2)
  4 worker ants (D:4)
  7 adders
  2 worms (D:2)
  3 dart slugs
  2 leopard geckos (D:2)
  6 orcs
  4 giant cockroaches
  2 goblins
  7 hobgoblins
  7 kobolds
  4 quokkas
  A ball python (D:4)
  8 bats
  5 frilled lizards
  11 rats
80 creatures vanquished.

Notes
Turn   | Place    | Note
-------+----------+-------------------------------------------
     0 | D:1      | wyoknott the Hill Orc Fighter began the quest for the Orb.
     0 | D:1      | Reached XP level 1. HP: 19/19 MP: 1/1
   265 | D:1      | Upgraded the game from 0.25.1-2-g60ff931df9 to
                  | 0.25.1-8-g42b30a86e7
   605 | D:1      | Reached XP level 2. HP: 26/27 MP: 2/2
   885 | D:1      | Reached skill level 3 in Axes
  1229 | D:2      | Reached XP level 3. HP: 23/33 MP: 3/3
  1433 | D:2      | Noticed Natasha
  1448 | D:2      | Killed Natasha
  1448 | D:2      | Reached XP level 4. HP: 20/40 MP: 4/4
  1900 | D:2      | Noticed Natasha
  2015 | D:2      | Reached skill level 4 in Axes
  2315 | D:2      | Killed Natasha
  2315 | D:2      | Reached XP level 5. HP: 38/47 MP: 5/5
  2599 | D:3      | Noticed Sigmund
  2630 | D:3      | Killed Sigmund
  2630 | D:3      | Reached skill level 5 in Axes
  2630 | D:3      | Reached skill level 1 in Dodging
  2630 | D:3      | Reached XP level 6. HP: 35/55 MP: 6/6
  3403 | D:4      | Reached skill level 6 in Axes
  3632 | D:4      | Reached XP level 7. HP: 57/60 MP: 7/7
  3658 | D:4      | Reached skill level 5 in Fighting
  3941 | D:4      | Got a twisted hand axe
  4002 | D:4      | Found Vyteske's Lightly-Used Armoury.
  4010 | D:4      | Got a pair of bloodstained boots
  4015 | D:4      | Bought a -1 triple sword for 70 gold pieces
  4015 | D:4      | Bought a -2 executioner's axe for 1 gold piece
  4025 | D:4      | Identified the cursed -4 pair of boots of Unreason {rCorr
                  | Int-4 Dex+2} (You found it on level 4 of the Dungeon)
  4057 | D:4      | Found a runed translucent door.
  4058 | D:4      | Noticed Crazy Yiuf
  4076 | D:4      | Slain by Crazy Yiuf

Illustrated notes

Levels and vault maps discovered:
D:1:      wander_arrival_desolate, layout_basic
D:2:      layout_loops_ring, uniq_natasha
D:3:      layout_basic, uniq_sigmund
D:4:      layout_rooms, first_ration, minmay_misc_feat_five,
          minmay_shop_damaged, minmay_manual_monolith, uniq_crazy_yiuf_cottage

Skill      XL: |  1  2  3  4  5  6  7 |
---------------+----------------------+-----
Axes           | 3 4 5 6 |  6.8
Fighting       | 4 5 |  5.3
Armour         | 4 |  4.9
Shields        | 4 |  4.8
Dodging        | 1 |  1.3
Stealth        | |  0.9

Action                   |  1- 3 |  4- 6 |  7- 9 || total
-------------------------+-------+-------+-------++-------
Melee: War axe           |    97 |   153 |    27 ||   277
       Whip              |       |       |    34 ||    34
  Use: Scroll            |     3 |     5 |     1 ||     9
       Potion            |     1 |     1 |       ||     2
  Eat: Ration            |     1 |       |       ||     1
       Chunk             |       |     6 |     1 ||     7
Armor: Scale mail        |    66 |     8 |       ||    74
       Chain mail        |       |    95 |    23 ||   118
Dodge: Dodged            |    38 |    54 |    14 ||   106
Block: Kite shield       |    60 |    89 |    33 ||   182
